[Event "Titled Tuesday Blitz December 20 Late 2022"]
[White "ChessBrah"]
[Black "Matinian, Nikita"]
[BlackFideId "24129100"]
[WhiteElo "2893"]
[BlackElo "2693"]
[Result "1-0"]
[Round "09"]
[TimeControl "180+1"]
[Date "2022.12.21"]
[WhiteClock "0:02:14"]
[BlackClock "0:00:30"]

1. e4 c5 2. Nf3 d6 3. Bb5+ Nd7 4. c3 Nf6 5. Qe2 g6 6. O-O Bg7 7. d4 a6 8. Bd3 e5 9. dxe5 dxe5 10. a4 O-O 11. Rd1 Nh5 12. Na3 Qf6 13. g3 Nb6 14. Bg5 Qc6 15. a5 h6 16. Be3 c4 17. Bc2 Nd7 18. Nxc4 Re8 19. Nd6 Re6 20. Ba4 Qxd6 21. Rxd6 Rxd6 22. Rd1 Rxd1+ 23. Qxd1 Ndf6 24. Qd8+ Kh7 25. Nxe5 Nxe4 26. Nxf7 Bf6 27. Qe8 1-0


[Site "https://www.chess.com"]

[Event "Titled Tuesday Blitz December 20 Late 2022"]
[White "Curtis, John"]
[Black "Rian, Kapriaga"]
[WhiteFideId "3200256"]
[BlackFideId "7103263"]
[WhiteElo "2203"]
[BlackElo "2336"]
[Result "1/2-1/2"]
[Round "09"]
[TimeControl "180+1"]
[Date "2022.12.21"]
[WhiteClock "0:00:55"]
[BlackClock "0:00:08"]

1. e4 c6 2. d4 d5 3. exd5 cxd5 4. c4 Nf6 5. Nc3 Nc6 6. Nf3 Bg4 7. cxd5 Nxd5 8. Bc4 e6 9. O-O Nb6 10. Bb5 Be7 11. h3 Bh5 12. Bxc6+ bxc6 13. g4 Bg6 14. Ne5 Rc8 15. Be3 O-O 16. Qf3 Nd5 17. Rac1 Bd6 18. Ne4 Bxe4 19. Qxe4 Bxe5 20. dxe5 Qa5 21. Bc5 Rfd8 22. a3 Qb5 23. b4 a5 24. Bd6 axb4 25. axb4 Ra8 26. Rc5 Qxb4 27. Qxb4 Nxb4 28. Rc4 Nd5 29. Rxc6 Ra2 30. Rfc1 h6 31. Rc8 Rxc8 32. Rxc8+ Kh7 33. Rf8 Kg6 34. h4 Ra7 35. Kg2 h5 36. gxh5+ Kxh5 37. Rh8+ Kg6 38. h5+ Kf5 39. Rh7 Nf4+ 40. Kh2 Ra2 41. Bc5 Ra5 42. Be3 Rxe5 43. Rxg7 Nxh5 44. Rxf7+ Kg6 45. Rf8 Rf5 46. Re8 Kf7 47. Rh8 Nf6 48. Ra8 Ng4+ 49. Kg3 Nxe3 50. fxe3 Kf6 51. e4 Rb5 52. Kf4 e5+ 53. Kg4 Rb3 54. Ra6+ Kf7 55. Kf5 Rb5 56. Rf6+ Ke7 57. Re6+ Kd7 58. Rxe5 Rxe5+ 59. Kxe5 Ke7 60. Kf5 Kf7 61. Kf4 Ke6 62. e5 Ke7 63. Kf5 Kf7 64. Kf4 Ke6 65. Ke4 Ke7 66. Ke3 Ke6 67. Ke4 Ke7 68. Kd5 Kd7 69. e6+ Ke7 70. Ke5 Ke8 71. Kf6 Kf8 72. Kf5 Ke8 73. Ke4 Ke7 74. Kd5 Ke8 75. Kd4 Ke7 76. Ke5 Ke8 77. Kf6 Kf8 78. e7+ Ke8 79. Ke6 1/2-1/2


[Site "https://www.chess.com"]

[Event "Titled Tuesday Blitz December 20 Late 2022"]
[White "Da Silva Junior, Sediney Mari"]
[Black "Araujo, Everson De Moura"]
[WhiteFideId "2132079"]
[BlackFideId "22737197"]
[WhiteElo "1996"]
[BlackElo "2035"]
[Result "1-0"]
[Round "09"]
[TimeControl "180+1"]
[Date "2022.12.21"]
[WhiteClock "0:00:01"]
[BlackClock "0:00:26"]

1. e4 e6 2. Nf3 d5 3. e5 c5 4. b4 cxb4 5. a3 Nc6 6. axb4 Bxb4 7. c3 Bc5 8. d4 Bb6 9. Bd3 Nge7 10. h4 Nf5 11. g4 Nfe7 12. Na3 a6 13. Nb5 Bc7 14. Qe2 Bd7 15. Nxc7+ Qxc7 16. Ba3 b5 17. Bd6 Qb7 18. h5 h6 19. Kf1 Nc8 20. Bc5 Nb6 21. Bc2 Nc4 22. Kg2 Qc7 23. Rhb1 Rc8 24. Rxa6 N6xe5 25. Nxe5 Nxe5 26. Ra7 Qb8 27. Rba1 Nc6 28. R7a6 Qb7 29. Rb6 Qc7 30. Raa6 Nb8 31. Ra8 Bc6 32. Ra1 Nd7 33. Rba6 Nxc5 34. dxc5 Bb7 35. Qxb5+ Kf8 36. Ra7 Rb8 37. c6 Qxc6 38. Qb4+ Kg8 39. Rxb7 d4+ 40. f3 Rd8 41. Rb1 g5 42. Rb8 Kg7 43. Rxd8 Rxd8 44. Be4 Qd6 45. cxd4 Qf4 46. Qb2 Qe3 47. Rf1 Kg8 48. Qf2 Qb3 49. d5 exd5 50. Bf5 Qb5 51. Qd2 d4 52. Rd1 Rc8 53. Bd3 Qc5 54. Qe2 Ra8 55. Qe4 Ra2+ 56. Kh3 Qc3 57. Qh7+ Kf8 58. Qh8+ Ke7 59. Qe5+ Kf8 60. Qb8+ Kg7 61. Qe5+ Kf8 62. Rb1 Rb2 63. Rxb2 Qxb2 64. Qd6+ Kg7 65. Qe5+ Kf8 66. Qe4 Qc1 67. Kg3 Qe3 68. Qxe3 dxe3 69. Kg2 Ke7 70. Kf1 Ke6 71. Ke2 Ke5 72. Kxe3 f6 73. Be4 Ke6 74. Bf5+ Ke5 75. Kd3 Kf4 76. Ke2 Kg3 77. Be4 Kf4 78. Kd3 Kg3 79. Kc4 Kf4 80. Kc5 f5 81. gxf5 g4 82. fxg4 Kxe4 83. f6 Kf4 84. f7 Kxg4 85. f8=Q Kxh5 86. Qf1 Kg4 87. Qh1 h5 88. Kd4 h4 89. Ke3 Kg3 90. Ke2 h3 91. Kf1 h2 92. Ke2 Kh3 93. Kf2 Kh4 94. Qxh2+ Kg5 95. Qe5+ Kg6 96. Qf4 Kh5 97. Qg3 Kh6 98. Kf3 Kh7 99. Kf4 Kh6 100. Kf5 Kh5 101. Qh3# 1-0


[Site "https://www.chess.com"]

[Event "Titled Tuesday Blitz December 20 Late 2022"]
[White "Dias, Joao Batista"]
[Black "Bolanos, Fernando"]
[WhiteFideId "2108240"]
[BlackFideId "3304094"]
[WhiteElo "1898"]
[BlackElo "2166"]
[Result "0-1"]
[Round "09"]
[TimeControl "180+1"]
[Date "2022.12.21"]
[WhiteClock "0:01:48"]
[BlackClock "0:01:40"]

1. e4 c5 2. Nf3 Nc6 3. d4 cxd4 4. Nxd4 Nf6 5. Nxc6 bxc6 6. Bd3 e5 7. O-O Bc5 8. b3 O-O 9. Bb2 d6 10. Nd2 Bg4 11. Qe1 Be6 12. Nc4 Nh5 13. Bc1 Qh4 14. g3 Nxg3 15. hxg3 Qxg3+ 16. Kh1 Qh3+ 17. Kg1 f5 18. Be3 f4 19. Bxc5 f3 0-1


[Site "https://www.chess.com"]

[Event "Titled Tuesday Blitz December 20 Late 2022"]
[White "Figorito, Nick"]
[Black "Sanchez Alvares, Kelvin Antonio"]
[WhiteFideId "30923689"]
[BlackFideId "3906680"]
[WhiteElo "2413"]
[BlackElo "2217"]
[Result "1-0"]
[Round "09"]
[TimeControl "180+1"]
[Date "2022.12.21"]
[WhiteClock "0:00:26"]
[BlackClock "0:02:02"]

1. Nf3 d5 2. g3 Nf6 3. Bg2 c6 4. O-O Nbd7 5. d4 e6 6. c4 dxc4 7. a4 a5 8. Na3 Bxa3 9. Rxa3 O-O 10. Qc2 b5 11. axb5 cxb5 12. Ne5 Nxe5 13. Bxa8 Qxd4 14. Rxa5 Qb6 15. Ra1 Nd5 16. Bd2 Bd7 17. Qe4 Qc7 18. Bf4 Nxf4 19. Qxf4 Qc5 20. Bg2 Ng6 21. Qd2 Bc6 22. Bxc6 Qxc6 23. Qb4 h5 24. Ra5 Rb8 25. Rd1 h4 26. Rd6 Qe4 27. Qd2 h3 28. f3 Qb1+ 29. Kf2 Qh1 30. Rd8+ Rxd8 31. Qxd8+ Kh7 32. Ke3 Qxh2 33. Rxb5 Qg1+ 34. Kd2 h2 35. Rh5# 1-0


[Site "https://www.chess.com"]

[Event "Titled Tuesday Blitz December 20 Late 2022"]
[White "Fiorito, Joaquin"]
[Black "Ibadov, Dashgyn"]
[WhiteFideId "180173"]
[BlackFideId "24107514"]
[WhiteElo "2157"]
[BlackElo "2208"]
[Result "1-0"]
[Round "09"]
[TimeControl "180+1"]
[Date "2022.12.21"]
[WhiteClock "0:00:20"]
[BlackClock "0:00:02"]

1. d4 d5 2. Nc3 Nf6 3. Bf4 a6 4. e3 e6 5. g4 Bb4 6. Ne2 Nbd7 7. a3 Be7 8. g5 Nh5 9. h4 Nxf4 10. Nxf4 c5 11. Qf3 b5 12. Bg2 Bb7 13. O-O g6 14. Rfe1 h6 15. gxh6 Rxh6 16. h5 g5 17. Nd3 f5 18. dxc5 Qc7 19. a4 g4 20. Qg3 Qxg3 21. fxg3 Nxc5 22. Nxc5 Bxc5 23. axb5 axb5 24. Rxa8+ Bxa8 25. Nxb5 Rxh5 26. Nc7+ Kd7 27. Nxa8 Kc6 28. c4 Rh8 29. cxd5+ exd5 30. Rc1 Kd6 31. Rd1 Bxe3+ 32. Kf1 Rxa8 33. Rxd5+ Ke6 34. Rd1 Ra5 35. Re1 Re5 36. Rd1 Bc5 37. Rc1 Bd6 38. Rc3 Rb5 39. b3 Ra5 40. Bc6 Ra2 41. Re3+ Kf6 42. Bd5 Be5 43. Bc4 Rb2 44. Rd3 Kg5 45. Be6 f4 46. Rd5 Kf6 47. gxf4 Bxf4 48. Bxg4 Kg6 49. Be2 Rxb3 50. Bd3+ Kh6 51. Ke2 Bg5 52. Kf3 Rb4 53. Be4 Kg7 54. Rxg5+ Kf6 55. Rf5+ Ke6 56. Kf4 Ra4 57. Rh5 Kd6 58. Rh6+ Kc5 59. Ke5 Rc4 60. Bd5 Rc3 61. Rc6+ Kb4 62. Rb6+ Kc5 63. Rb8 Ra3 64. Rc8+ Kb4 65. Kd4 1-0


[Site "https://www.chess.com"]

[Event "Titled Tuesday Blitz December 20 Late 2022"]
[White "Floresvillar Gonzalez, Luis Migu"]
[Black "Rodriguez Santiago, Jaime"]
[WhiteFideId "5100542"]
[BlackFideId "3100898"]
[WhiteElo "2040"]
[BlackElo "2025"]
[Result "1/2-1/2"]
[Round "09"]
[TimeControl "180+1"]
[Date "2022.12.21"]
[WhiteClock "0:00:04"]
[BlackClock "0:00:09"]

1. d4 d5 2. c3 c5 3. dxc5 e5 4. b4 Nf6 5. Bb2 Be7 6. e3 O-O 7. Nf3 Bg4 8. Be2 Bxf3 9. Bxf3 e4 10. Be2 Nc6 11. Nd2 a6 12. Nb3 Ne5 13. Rc1 Nc4 14. Bxc4 dxc4 15. Qxd8 Rfxd8 16. Nd2 a5 17. a3 axb4 18. axb4 Ra2 19. Nxc4 b5 20. cxb6 Rc8 21. b7 Rb8 22. Ra1 Rxa1+ 23. Bxa1 Rxb7 24. Nd2 Kf8 25. Ke2 Bd6 26. h3 Be5 27. Rb1 Ra7 28. Bb2 Ra2 29. Nc4 Bb8 30. Ra1 Rxa1 31. Bxa1 Ke7 32. Bb2 Kd7 33. Kd2 Kc6 34. Kc2 Nd5 35. Nd2 f5 36. b5+ Kb6 37. c4 Nb4+ 38. Kb3 Nd3 39. Bd4+ Kb7 40. f3 exf3 41. gxf3 g5 42. e4 fxe4 43. Nxe4 h6 44. Be3 Ne1 45. h4 gxh4 46. Bxh6 Nxf3 47. Nf2 Ba7 48. Nh3 Nd4+ 49. Kc3 Nf5 50. Bg5 Bc5 51. Kd3 Kb6 52. Nf4 Ka5 53. Nh3 Kb4 54. Nf4 Nd6 55. Nd5+ Ka5 56. Bxh4 Nxb5 57. Be1+ Ka6 58. cxb5+ Kxb5 59. Nc3+ Kc6 60. Ne4 Be7 61. Bc3 Kd7 62. Kc4 Kc6 63. Bd4 Bd8 64. Nc3 Bc7 65. Nd5 Kd7 66. Nf6+ Ke6 67. Ne4 Bh2 68. Ng5+ Kf5 69. Nf3 Bb8 70. Nd2 Kg4 71. Nb3 Kh3 72. Nc5 Kh2 73. Ne4 Bg3 74. Kd3 Kh3 75. Ke2 Bf4 76. Kf3 Bb8 77. Bf6 Kh2 78. Nf2 Kg1 79. Bd4 Kh2 80. Ng4+ Kh3 81. Bf6 Bc7 82. Nf2+ Kh2 83. Bg5 Bb8 84. Bh4 Kg1 85. Bf6 Kh2 86. Bg5 Kg1 87. Ke2 Kh2 88. Kf3 Kg1 89. Be3 Kh2 90. Ng4+ Kh3 91. Bg5 Bc7 92. Be7 Bb8 93. Nf2+ Kh2 94. Bc5 Bc7 95. Kg4 Bb8 96. Nh3 Kg2 97. Ng5 Kf1 98. Kf3 Ke1 99. Nh3 Kd1 100. Ke3 Kc2 101. Kf3 Kb3 102. Nf2 Ka4 103. Ne4 Kb5 104. Nf2 Kc6 105. Ne4 Kd5 106. Nf2 Kxc5 1/2-1/2


[Site "https://www.chess.com"]

[Event "Titled Tuesday Blitz December 20 Late 2022"]
[White "Forgacs, Attila Jr."]
[Black "Sebag, Marie"]
[WhiteFideId "773654"]
[BlackFideId "617822"]
[WhiteElo "2425"]
[BlackElo "2604"]
[Result "0-1"]
[Round "09"]
[TimeControl "180+1"]
[Date "2022.12.21"]
[WhiteClock "0:00:17"]
[BlackClock "0:00:26"]

1. e4 d6 2. d4 Nf6 3. Nc3 g6 4. f4 Bg7 5. Bd3 O-O 6. Nf3 c5 7. d5 Na6 8. Bc4 Nc7 9. O-O b5 10. Nxb5 Nxb5 11. Bxb5 Nxe4 12. Re1 Rb8 13. Bc4 Nf6 14. c3 Nd7 15. Qe2 Nb6 16. Bb3 Re8 17. Be3 c4 18. Bxc4 Nxc4 19. Qxc4 Rxb2 20. Bxa7 Bg4 21. Rf1 Qa5 22. Bd4 Rc8 23. Qd3 Qxd5 24. a4 Bxf3 25. Rxf3 Bxd4+ 26. Qxd4 Qxd4+ 27. cxd4 Rcc2 28. a5 Rxg2+ 29. Kf1 Rxh2 30. Ke1 Ra2 31. Rb1 Rxa5 32. Rb7 Ra1+ 0-1


[Site "https://www.chess.com"]

[Event "Titled Tuesday Blitz December 20 Late 2022"]
[White "Gasparyan, David"]
[Black "Veiga, Jose Francisco R P Neves"]
[WhiteFideId "13311980"]
[BlackFideId "1930087"]
[WhiteElo "2452"]
[BlackElo "2320"]
[Result "0-1"]
[Round "09"]
[TimeControl "180+1"]
[Date "2022.12.21"]
[WhiteClock "0:00:12"]
[BlackClock "0:00:56"]

1. e3 c5 2. c4 Nc6 3. a3 g6 4. Qc2 Bg7 5. g3 e6 6. Bg2 Nge7 7. Ne2 O-O 8. O-O b6 9. Nbc3 Bb7 10. d3 d5 11. b3 dxc4 12. dxc4 a6 13. Bb2 Qc7 14. Rfd1 Rfd8 15. Ne4 Ne5 16. Nf4 Nf5 17. Rxd8+ Rxd8 18. Bc3 Nd6 19. Rd1 Nxe4 20. Rxd8+ Qxd8 21. Bxe4 Nf3+ 22. Bxf3 Bxf3 23. Bxg7 Kxg7 24. Qd3 Qf6 25. a4 Qa1+ 26. Qf1 Qb2 27. a5 Qxb3 28. axb6 Qxb6 29. Nd3 f6 30. Ne1 Bc6 31. f3 a5 32. Qd3 a4 33. Nc2 Bxf3 34. Qd7+ Kh6 35. Ne1 Be4 36. Qxa4 Qb1 37. Qa5 Qd1 38. Kf2 e5 39. Qxc5 Qd2+ 40. Kf1 Qxh2 41. Qf8+ Kg5 42. Qb4 Qxg3 43. Ke2 h5 44. c5 Qg4+ 45. Kd2 h4 46. Qa4 h3 47. Qe8 h2 48. c6 h1=Q 49. c7 Qh2+ 50. Kc3 Bb7 51. Nd3 Qa2 52. Qb5 Ba6 53. Qc5 Qac4+ 54. Kb2 Qxc5 55. Nxc5 Qb4+ 56. Nb3 Kg4 57. Kc2 Qxb3+ 58. Kxb3 Kf3 59. Kb4 Bc8 60. Ka5 g5 61. Kb6 g4 62. Ka7 g3 63. Kb8 Bh3 64. c8=Q Bxc8 65. Kxc8 g2 66. Kd7 g1=Q 67. Ke6 Qxe3 68. Kxf6 Qf4+ 69. Ke6 e4 70. Kd5 e3 71. Kc5 e2 72. Kd5 e1=Q 73. Kc5 Qc3+ 74. Kd5 Qfd4+ 75. Ke6 Qc6+ 76. Ke7 Qdd7+ 77. Kf8 Qcc8# 0-1


[Site "https://www.chess.com"]

[Event "Titled Tuesday Blitz December 20 Late 2022"]
[White "Gerbelli Neto, Eduardo"]
[Black "TheKnightOfBosnia"]
[WhiteFideId "2103281"]
[WhiteElo "2178"]
[BlackElo "2433"]
[Result "1-0"]
[Round "09"]
[TimeControl "180+1"]
[Date "2022.12.21"]
[WhiteClock "0:00:46"]
[BlackClock "0:00:18"]

1. e4 e5 2. Nf3 Nc6 3. d4 exd4 4. Nxd4 Nf6 5. Nc3 Bb4 6. Nxc6 bxc6 7. Bd3 d5 8. e5 Bxc3+ 9. bxc3 Nd7 10. f4 Nc5 11. O-O Ba6 12. Bxa6 Nxa6 13. Ba3 Qh4 14. Qe2 Nb8 15. g3 Qh6 16. f5 c5 17. e6 fxe6 18. Qb5+ Nd7 19. fxe6 Qe3+ 20. Rf2 Qxe6 21. Re2 Qxe2 22. Qxe2+ Kf7 23. Rf1+ Nf6 24. Bxc5 Rae8 25. Qh5+ Ke6 26. Re1+ Ne4 27. c4 c6 28. cxd5+ cxd5 29. c4 g6 30. Qxd5+ 1-0


[Site "https://www.chess.com"]

[Event "Titled Tuesday Blitz December 20 Late 2022"]
[White "Goncalves, Davi Sulzbacher"]
[Black "Arnold, Ken"]
[WhiteFideId "2154510"]
[BlackFideId "2056836"]
[WhiteElo "2182"]
[BlackElo "2364"]
[Result "0-1"]
[Round "09"]
[TimeControl "180+1"]
[Date "2022.12.21"]
[WhiteClock "0:00:01"]
[BlackClock "0:00:51"]

1. Nf3 d5 2. d4 Nf6 3. Bg5 h6 4. Bh4 Nc6 5. e3 a6 6. c4 Bg4 7. cxd5 Qxd5 8. Nc3 Qh5 9. Bg3 e6 10. Bxc7 Rc8 11. Bg3 Bb4 12. a3 Bxc3+ 13. bxc3 Ne4 14. Rc1 O-O 15. Be2 Nxg3 16. fxg3 e5 17. O-O e4 18. h3 exf3 19. Bxf3 Bxf3 20. Qxf3 Qxf3 21. gxf3 Na5 22. Kf2 Rc4 23. Rb1 Rfc8 24. d5 Rxc3 25. Rfd1 b5 26. d6 Rd8 27. e4 f6 28. f4 Kf7 29. a4 Rc5 30. axb5 axb5 31. Ra1 Nc6 32. Ra6 Ke6 33. f5+ Kd7 34. Rb6 Rb8 35. Ra6 Rb7 36. g4 b4 37. Rb1 b3 38. Ke3 b2 39. Ra2 Rc2 40. h4 Rh2 41. g5 hxg5 42. hxg5 Kxd6 43. gxf6 gxf6 44. Rd1+ Kc5 45. Rd5+ Kc4 46. Rd6 b1=Q 0-1


[Site "https://www.chess.com"]

[Event "Titled Tuesday Blitz December 20 Late 2022"]
[White "Goroshkov, Maksym"]
[Black "Melikhov, Evgeny V."]
[WhiteFideId "14142716"]
[BlackFideId "4122046"]
[WhiteElo "2618"]
[BlackElo "2428"]
[Result "1-0"]
[Round "09"]
[TimeControl "180+1"]
[Date "2022.12.21"]
[WhiteClock "0:00:51"]
[BlackClock "0:00:54"]

1. e4 e5 2. d4 exd4 3. c3 d3 4. Bxd3 Nc6 5. Nf3 d6 6. Bb5 Ne7 7. O-O a6 8. Ba4 b5 9. Bb3 Be6 10. Bxe6 fxe6 11. Nd4 Nxd4 12. cxd4 Ng6 13. f4 Qh4 14. f5 exf5 15. exf5 Ne7 16. Nc3 O-O-O 17. Be3 Nc6 18. Qf3 Nxd4 19. Qa8+ Kd7 20. Qxa6 Be7 21. Rf4 Ra8 22. Rxh4 Rxa6 23. Rxd4 Bf6 24. Rd2 Re8 25. Bd4 Bg5 26. Rdd1 b4 27. Nd5 c5 28. Bxg7 Kc6 29. f6 Ra7 30. Ne7+ 1-0


[Site "https://www.chess.com"]

[Event "Titled Tuesday Blitz December 20 Late 2022"]
[White "Gurevich, Dmitry"]
[Black "Dzierzak, Radoslaw"]
[WhiteFideId "2000407"]
[BlackFideId "1161407"]
[WhiteElo "2506"]
[BlackElo "2111"]
[Result "1-0"]
[Round "09"]
[TimeControl "180+1"]
[Date "2022.12.21"]
[WhiteClock "0:01:01"]
[BlackClock "0:01:04"]

1. d4 Nf6 2. c4 e6 3. Nc3 Bb4 4. a3 Bxc3+ 5. bxc3 b6 6. e3 Bb7 7. f3 Nc6 8. Bd3 Ba6 9. Rb1 Na5 10. Qe2 d5 11. cxd5 Bxd3 12. Qxd3 exd5 13. Ne2 O-O 14. O-O Re8 15. Ng3 h5 16. Re1 h4 17. Nf5 g6 18. Nxh4 Ne4 19. g3 Nc4 20. fxe4 Rxe4 21. Nf3 Qe7 22. Nd2 Nxd2 23. Bxd2 Kg7 24. c4 c6 25. Rf1 Rh8 26. Rf4 Qe6 27. Rxe4 dxe4 28. Qe2 f5 29. d5 cxd5 30. Bc3+ 1-0


[Site "https://www.chess.com"]

[Event "Titled Tuesday Blitz December 20 Late 2022"]
[White "Horvath, Dominik"]
[Black "Poliakova, Varvara"]
[WhiteFideId "1642561"]
[BlackFideId "13518313"]
[WhiteElo "2405"]
[BlackElo "2075"]
[Result "1/2-1/2"]
[Round "09"]
[TimeControl "180+1"]
[Date "2022.12.20"]
[WhiteClock "0:00:16"]
[BlackClock "0:00:21"]

1. e4 e5 2. Nc3 Nc6 3. Nf3 Nf6 4. a4 d5 5. Bb5 d4 6. Ne2 Bd6 7. d3 h6 8. h3 O-O 9. g4 Nd7 10. g5 h5 11. Ng3 g6 12. Nh4 Nc5 13. Nxh5 Be6 14. Rg1 a6 15. Bxc6 bxc6 16. Nf6+ Kg7 17. f4 exf4 18. Ng2 Rh8 19. Nxf4 Nd7 20. Nxe6+ fxe6 21. Qg4 Ne5 22. Qg2 Qe7 23. Bd2 Bb4 24. O-O-O Bxd2+ 25. Rxd2 c5 26. Qg3 Qd6 27. Rf2 c4 28. dxc4 Nxc4 29. Qxd6 cxd6 30. Rh1 Ne5 31. h4 Rac8 32. Kb1 d3 33. cxd3 Nxd3 34. Rd2 Ne5 35. Rxd6 Rc6 36. Rxc6 Nxc6 37. Rc1 Ne7 38. Rc7 Kf7 39. Nd7 Rxh4 40. Ne5+ Kf8 41. Rc4 Rh5 42. Nd7+ Kf7 43. Nc5 a5 44. b4 axb4 45. a5 Rxg5 46. a6 Nc6 47. Nd3 Rg3 48. Kc2 b3+ 49. Kd2 Rg2+ 50. Ke3 Rg3+ 51. Ke2 b2 52. Nxb2 Rg2+ 53. Kf3 Rxb2 54. Rxc6 Kf6 55. Kf4 g5+ 56. Kg4 Ra2 57. Rb6 Ra5 58. Kf3 Ra4 59. Ke3 g4 60. Kf4 g3 61. Kxg3 Rxe4 62. a7 Ra4 63. Rb7 Ke5 64. Kf3 Ra3+ 65. Ke2 Kf5 66. Kd2 e5 67. Kc2 e4 68. Kb2 Ra6 69. Kb3 e3 70. Re7 Kf4 71. Kb4 Ra1 72. Kb5 Kf3 73. Kb6 e2 74. Rxe2 Kxe2 75. Kb7 Rxa7+ 76. Kxa7 1/2-1/2


[Site "https://www.chess.com"]

[Event "Titled Tuesday Blitz December 20 Late 2022"]
[White "Izeta Txabarri, Felix"]
[Black "Mendez Fortes, Eduardo Jesus"]
[WhiteFideId "2200260"]
[BlackFideId "3502376"]
[WhiteElo "2469"]
[BlackElo "2307"]
[Result "1-0"]
[Round "09"]
[TimeControl "180+1"]
[Date "2022.12.21"]
[WhiteClock "0:00:40"]
[BlackClock "0:00:15"]

1. d4 Nf6 2. Nf3 d5 3. c4 e6 4. Nc3 Bb4 5. Bg5 h6 6. Bxf6 Qxf6 7. Qa4+ Nc6 8. e3 O-O 9. a3 Bxc3+ 10. bxc3 a6 11. Be2 Rd8 12. O-O Ne7 13. Qb3 c6 14. c5 Ng6 15. Bd3 Nh4 16. Ne5 Qe7 17. g3 Nf5 18. Qb6 Re8 19. e4 dxe4 20. Bxe4 f6 21. Nc4 Qf8 22. Bxf5 exf5 23. Nd6 Re7 24. Rfe1 Be6 25. Re3 Bd5 26. Rae1 Rxe3 27. Rxe3 f4 28. gxf4 f5 29. c4 Be4 30. f3 Bc2 31. Qb2 Ba4 32. Qxb7 Rb8 33. Qxb8 Qxb8 34. Re8+ Qxe8 35. Nxe8 Bb3 36. Nd6 g6 37. Kf2 1-0


[Site "https://www.chess.com"]

[Event "Titled Tuesday Blitz December 20 Late 2022"]
[White "Janaszak, Dawid"]
[Black "Flynn, Jacob"]
[WhiteFideId "1119206"]
[BlackFideId "2509393"]
[WhiteElo "2220"]
[BlackElo "2053"]
[Result "1-0"]
[Round "09"]
[TimeControl "180+1"]
[Date "2022.12.21"]
[WhiteClock "0:00:07"]
[BlackClock "0:00:02"]

1. e4 e5 2. Nc3 Nf6 3. d4 exd4 4. Qxd4 Nc6 5. Qc4 Bb4 6. Bd2 O-O 7. O-O-O d6 8. f3 Be6 9. Qe2 a5 10. a3 Bc5 11. Nh3 Ne5 12. Nf4 Bc4 13. Qe1 Rb8 14. g4 b5 15. g5 Nfd7 16. Qg3 b4 17. axb4 axb4 18. Ncd5 b3 19. Bxc4 Nxc4 20. Bc3 Nde5 21. Nh5 Kh8 22. f4 bxc2 23. Kxc2 c6 24. fxe5 cxd5 25. exd6 d4 26. Rxd4 Bxd4 27. Bxd4 Kg8 28. Nf6+ Kh8 29. Qh4 h6 30. gxh6 g6 31. Nd7+ Kh7 32. Nxf8+ Qxf8 33. Qf6 Rd8 34. e5 Re8 35. Rf1 Kg8 36. e6 Ne3+ 37. Kb1 Kh7 38. Bxe3 1-0


[Site "https://www.chess.com"]

[Event "Titled Tuesday Blitz December 20 Late 2022"]
[White "Jeet, Jain"]
[Black "Kohler, Aran"]
[WhiteFideId "5073022"]
[BlackFideId "1002856"]
[WhiteElo "2067"]
[BlackElo "2325"]
[Result "1-0"]
[Round "09"]
[TimeControl "180+1"]
[Date "2022.12.21"]
[WhiteClock "0:00:04"]
[BlackClock "0:00:01"]

1. c4 e5 2. g3 Nf6 3. Bg2 Nc6 4. Nc3 Bb4 5. e3 O-O 6. Nge2 Re8 7. O-O d6 8. a3 Bxc3 9. Nxc3 e4 10. d4 Bf5 11. b4 Ne7 12. f3 exf3 13. Bxf3 c6 14. e4 Bg6 15. Bg5 Nd7 16. Qd2 f6 17. Bf4 Nf8 18. Rae1 Bf7 19. d5 Nc8 20. Kg2 Qc7 21. c5 Ng6 22. Rd1 Nxf4+ 23. Qxf4 cxd5 24. Nxd5 Qc6 25. cxd6 Qxd6 26. Qxd6 Nxd6 27. Nc7 Nc4 28. Nxa8 Rxa8 29. Rfe1 Ne5 30. Be2 Rc8 31. Rc1 Re8 32. Rc7 Bg6 33. Bf1 Nc6 34. Bd3 Ne5 35. Bb1 b5 36. Rxa7 Nc4 37. Ba2 Bxe4+ 38. Kf2 Bd5 39. Rxe8# 1-0


[Site "https://www.chess.com"]

[Event "Titled Tuesday Blitz December 20 Late 2022"]
[White "Jimenez Almeida, Luis David"]
[Black "Haydon, David L"]
[WhiteFideId "22242244"]
[BlackFideId "415405"]
[WhiteElo "2498"]
[BlackElo "2644"]
[Result "0-1"]
[Round "09"]
[TimeControl "180+1"]
[Date "2022.12.21"]
[WhiteClock "0:01:58"]
[BlackClock "0:02:48"]

1. e4 c6 2. Nc3 d5 3. Qf3 Nf6 4. e5 Ng8 5. d4 e6 6. Nh3 c5 7. Ng5 Nh6 8. Bb5+ Nc6 9. Be3 cxd4 10. Bxd4 a6 11. Bxc6+ bxc6 12. O-O-O Qxg5+ 13. Be3 Qg4 0-1


[Site "https://www.chess.com"]

[Event "Titled Tuesday Blitz December 20 Late 2022"]
[White "Jobava, Baadur"]
[Black "Boros, Denes"]
[WhiteFideId "13601520"]
[BlackFideId "722340"]
[WhiteElo "2582"]
[BlackElo "2464"]
[Result "1-0"]
[Round "09"]
[TimeControl "180+1"]
[Date "2022.12.20"]
[WhiteClock "0:00:27"]
[BlackClock "0:00:21"]

1. d4 Nf6 2. Bg5 Ne4 3. Bf4 d5 4. f3 Nf6 5. Nc3 e6 6. e3 a6 7. Nge2 b5 8. a3 Bb7 9. b4 Bd6 10. Nc1 Nh5 11. g3 Be7 12. h4 Nd7 13. Nb3 O-O 14. Bd3 Nb6 15. Nc5 Bc6 16. Kf2 Nc4 17. Qe2 Bd6 18. a4 Qe7 19. axb5 axb5 20. Bxc4 dxc4 21. N3e4 Rxa1 22. Rxa1 e5 23. dxe5 Bxe5 24. Bxe5 Qxe5 25. Rg1 f5 26. Ng5 Nf6 27. Nge6 Re8 28. Nd4 Bd7 29. Rd1 Re7 30. Qd2 Be8 31. Ne2 Kh8 32. Qd4 Qxd4 33. Rxd4 g6 34. Nc3 Kg7 35. Rd8 h6 36. Ne2 Bf7 37. Nd4 Re8 38. Rxe8 Bxe8 39. Nce6+ Kf7 40. Nxc7 Bd7 41. Ncxb5 Nd5 42. Nd6+ Kf6 43. Nxc4 Nxb4 44. e4 fxe4 45. fxe4 g5 46. hxg5+ Kxg5 47. Ke3 Kg4 48. Ne5+ Kxg3 49. Nxd7 h5 50. c3 h4 51. Nf5+ Kg4 52. Ne5+ Kg5 53. cxb4 h3 54. Nf3+ 1-0


[Site "https://www.chess.com"]

[Event "Titled Tuesday Blitz December 20 Late 2022"]
[White "Keymer, Vincent"]
[Black "Indjic, Aleksandar"]
[WhiteFideId "12940690"]
[BlackFideId "911925"]
[WhiteElo "2600"]
[BlackElo "2616"]
[Result "1-0"]
[Round "09"]
[TimeControl "180+1"]
[Date "2022.12.20"]
[WhiteClock "0:00:06"]
[BlackClock "0:00:07"]

1. Nf3 c5 2. c4 Nc6 3. Nc3 g6 4. e3 Bg7 5. d4 d6 6. Be2 Nf6 7. d5 Na5 8. h3 O-O 9. e4 e5 10. O-O h6 11. a3 b6 12. b4 Nb7 13. Re1 Nh7 14. Rb1 f5 15. Bd2 f4 16. a4 cxb4 17. Rxb4 Bd7 18. Nh2 h5 19. Rb1 Nc5 20. a5 Nf6 21. axb6 axb6 22. Nf3 Bh6 23. Ra1 Rxa1 24. Qxa1 g5 25. Nh2 g4 26. Qd1 Qc8 27. Bc1 Kf7 28. Nb5 Bxb5 29. cxb5 Rg8 30. hxg4 hxg4 31. Ba3 f3 32. Bd3 Bf4 33. g3 Bh6 34. Bxc5 Qxc5 35. Nxf3 gxf3 36. Qxf3 Ke7 37. Kg2 Qc8 38. Ra1 Qg4 39. Ra7+ Nd7 40. Be2 Qxf3+ 41. Bxf3 Bd2 42. Kh3 Rh8+ 43. Kg2 Rg8 44. Kh3 Rd8 45. Bg4 Ke8 46. Bf5 Nf6 47. Rb7 Ba5 48. g4 Kf8 49. g5 Ng8 50. Be6 Ne7 51. Kg4 Be1 52. f3 Bd2 53. Rxb6 Ra8 54. Rb7 Ra1 55. b6 Rg1+ 56. Kh3 Ng6 57. Rf7+ Ke8 58. b7 Rb1 59. Rg7 Nf4+ 60. Kg4 Nxe6 61. dxe6 Rb3 62. Rg8+ Ke7 63. b8=Q Rxb8 64. Rxb8 Kxe6 65. Rf8 d5 66. exd5+ Kxd5 67. g6 Ke6 68. g7 1-0


[Site "https://www.chess.com"]